% Time on Ice - CALGARY FIREMEN
Lines # - Real PCT - Wanted PCT - Time Play
Normal Forward
1 - 35% - 34% - 16:56
2 - 33% - 31% - 15:58
3 - 23% - 25% - 11:05
4 - 8% - 10% - 3:51
Normal Defense
1 - 34% - 34% - 16:05
2 - 34% - 31% - 16:27
3 - 26% - 25% - 12:31
4 - 6% - 10% - 2:47
PP Forward
1 - 53% - 50% - 3:10
2 - 47% - 50% - 2:47
PP Defense
1 - 47% - 50% - 2:47
2 - 53% - 50% - 3:10
PK Forward
1 - 54% - 50% - 3:21
2 - 46% - 50% - 2:52
PK Defense
1 - 46% - 50% - 2:52
2 - 54% - 50% - 3:21
PK3 Forward
1 - 0% - 50%
2 - 0% - 50%
PK3 Defense
1 - 0% - 50%
2 - 0% - 50%
44 Forward
1 - 0% - 55%
2 - 0% - 45%
44 Defense
1 - 0% - 55%
2 - 0% - 45%
Last Minute Offensive  - 0:00
Last Minute Defensive  - 0:00
Total
Forward - 60:00
Defense - 60:00
% Time on Ice - TEXAS TOROS
Lines # - Real PCT - Wanted PCT - Time Play
Normal Forward
1 - 35% - 36% - 16:52
2 - 28% - 31% - 13:28
3 - 24% - 23% - 11:21
4 - 13% - 10% - 6:09
Normal Defense
1 - 37% - 36% - 17:44
2 - 30% - 31% - 14:11
3 - 27% - 23% - 12:47
4 - 7% - 10% - 3:08
PP Forward
1 - 50% - 55% - 3:08
2 - 50% - 45% - 3:05
PP Defense
1 - 40% - 55% - 2:31
2 - 60% - 45% - 3:42
PK Forward
1 - 71% - 55% - 4:15
2 - 29% - 45% - 1:42
PK Defense
1 - 54% - 55% - 3:12
2 - 46% - 45% - 2:45
PK3 Forward
1 - 0% - 55%
2 - 0% - 45%
PK3 Defense
1 - 0% - 55%
2 - 0% - 45%
44 Forward
1 - 0% - 55%
2 - 0% - 45%
44 Defense
1 - 0% - 55%
2 - 0% - 45%
Last Minute Offensive  - 0:00
Last Minute Defensive  - 0:00
Total
Forward - 60:00
Defense - 60:00
Play-by-Play 1st period 0:01 of 1st period - Viktor Arvidsson wins face-off versus Alexander Wennberg in neutral zone. 0:16 of 1st period - Icing by Erik Johnson. 0:17 of 1st period - Adam Henrique wins face-off versus Alexander Wennberg in TEXAS TOROS zone. 0:59 of 1st period - Shot by Oskar Lindblom. 0:59 of 1st period - Stopped by Cory Schneider with a rebound. 1:20 of 1st period - Off-side. 1:21 of 1st period - Johan Larsson wins face-off versus Luke Glendening in neutral zone. 1:24 of 1st period - Niklas Kronwall is hit by Johan Larsson and loses puck. 3:21 of 1st period - Shot by Erik Johnson. 3:21 of 1st period - Shot Misses the Net. 4:43 of 1st period - Shot by Adam Henrique. 4:43 of 1st period - Shot Misses the Net. 4:55 of 1st period - Shot by Tomas Tatar. 4:55 of 1st period - Deflect By Adam Henrique. 4:55 of 1st period - Shot Misses the Net. 4:57 of 1st period - Shot by Adam Henrique. 4:57 of 1st period - Goal by Adam Henrique - CALGARY FIREMEN : 1 - TEXAS TOROS : 0. 4:58 of 1st period - Nick Cousins wins face-off versus Luke Glendening in neutral zone. 5:00 of 1st period - Tyson Barrie is hit by Austin Watson and loses puck. 6:52 of 1st period - Shot by Adam Henrique. 6:52 of 1st period - Shot Misses the Net. 7:49 of 1st period - Shot by Brett Howden. 7:49 of 1st period - Goal by Brett Howden - CALGARY FIREMEN : 2 - TEXAS TOROS : 0. 7:50 of 1st period - Ryan Johansen wins face-off versus Nick Cousins in neutral zone. 8:50 of 1st period - Icing by Noah Hanifin. 8:51 of 1st period - Johan Larsson wins face-off versus Ryan Johansen in CALGARY FIREMEN zone. 10:11 of 1st period - Shot by Alexander Wennberg. 10:11 of 1st period - Stopped by Devan Dubnyk without a rebound. 10:12 of 1st period - Ryan Poehling wins face-off versus Luke Glendening in CALGARY FIREMEN zone. 10:25 of 1st period - Shot by Tyler Johnson. 10:25 of 1st period - Shot Misses the Net. 10:42 of 1st period - Minor Penalty to Austin Watson for High sticking. 10:43 of 1st period - Luke Glendening wins face-off versus Alexander Wennberg in CALGARY FIREMEN zone. 11:11 of 1st period - Shot by Mirco Mueller. 11:11 of 1st period - Shot Blocked by Brent Seabrook. 11:13 of 1st period - Shot by Alexander Wennberg. 11:13 of 1st period - Deflect By Nikolaj Ehlers. 11:13 of 1st period - Stopped by Devan Dubnyk without a rebound. 11:14 of 1st period - Brett Howden wins face-off versus Johan Larsson in CALGARY FIREMEN zone. 11:14 of 1st period - Brett Howden is hit by Brock McGinn. 11:40 of 1st period - Shot by Erik Johnson. 11:40 of 1st period - Deflect By Johan Larsson. 11:40 of 1st period - Stopped by Devan Dubnyk without a rebound. 11:41 of 1st period - Luke Glendening wins face-off versus Alexander Wennberg in CALGARY FIREMEN zone. 12:19 of 1st period - Shot by Nikolaj Ehlers. 12:19 of 1st period - Deflect By Alexander Wennberg. 12:19 of 1st period - Stopped by Devan Dubnyk without a rebound. 12:20 of 1st period - Brett Howden wins face-off versus Johan Larsson in CALGARY FIREMEN zone. 12:49 of 1st period - Shot by Nick Cousins. 12:49 of 1st period - Shot Misses the Net. 12:52 of 1st period - Icing by Ryan Graves. 12:53 of 1st period - Ryan Poehling wins face-off versus Ryan Johansen in CALGARY FIREMEN zone. 13:08 of 1st period - Icing by Dmitry Kulikov. 13:09 of 1st period - Ryan Poehling wins face-off versus Luke Glendening in TEXAS TOROS zone. 14:26 of 1st period - Shot by Nikolaj Ehlers. 14:26 of 1st period - Stopped by Devan Dubnyk without a rebound. 14:27 of 1st period - Ryan Johansen wins face-off versus Johan Larsson in CALGARY FIREMEN zone. 14:52 of 1st period - Icing by Mirco Mueller. 14:53 of 1st period - Johan Larsson wins face-off versus Tomas Tatar in TEXAS TOROS zone. 15:22 of 1st period - Shot by Oskar Lindblom. 15:22 of 1st period - Stopped by Cory Schneider without a rebound. 15:23 of 1st period - Alexander Wennberg wins face-off versus Ryan Johansen in TEXAS TOROS zone. 15:27 of 1st period - Tyson Barrie is hit by Ian Cole and loses puck. 15:36 of 1st period - Shot by Alexander Wennberg. 15:36 of 1st period - Shot Misses the Net. 15:38 of 1st period - Shot by Justin Abdelkader. 15:38 of 1st period - Shot Blocked by Viktor Arvidsson. 15:40 of 1st period - Shot by Nikolaj Ehlers. 15:40 of 1st period - Deflect By Alexander Wennberg. 15:40 of 1st period - Goal by Alexander Wennberg - CALGARY FIREMEN : 2 - TEXAS TOROS : 1. 15:41 of 1st period - Nick Cousins wins face-off versus Brett Howden in neutral zone. 15:55 of 1st period - Riley Nash is hit by Noah Hanifin and loses puck. 16:38 of 1st period - Icing by Colton Sceviour. 16:39 of 1st period - Brett Howden wins face-off versus Johan Larsson in CALGARY FIREMEN zone. 17:59 of 1st period - Icing by Viktor Arvidsson. 18:00 of 1st period - Alexander Wennberg wins face-off versus Ryan Johansen in CALGARY FIREMEN zone. 18:21 of 1st period - Shot by Nikolaj Ehlers. 18:21 of 1st period - Stopped by Devan Dubnyk with a rebound. 18:24 of 1st period - Minor Penalty to Justin Abdelkader for Slashing. 18:25 of 1st period - Sven Baertschi wins face-off versus Adam Henrique in TEXAS TOROS zone. 18:25 of 1st period - Sven Baertschi is hit by Oskar Lindblom. 19:17 of 1st period - Shot by Viktor Arvidsson. 19:17 of 1st period - Stopped by Cory Schneider without a rebound. 19:18 of 1st period - Alexander Wennberg wins face-off versus Ryan Johansen in TEXAS TOROS zone. 19:30 of 1st period - Shot by Filip Forsberg. 19:30 of 1st period - Stopped by Cory Schneider without a rebound. 19:31 of 1st period - Nikolaj Ehlers wins face-off versus Ryan Johansen in TEXAS TOROS zone. 19:31 of 1st period - Brock McGinn is hit by Viktor Arvidsson and loses puck. Goals for this period are 2 for CALGARY FIREMEN vs 1 for TEXAS TOROS. Shots for this period are 6 for CALGARY FIREMEN vs 7 for TEXAS TOROS. 2nd period 0:01 of 2nd period - Adam Henrique wins face-off versus Nikolaj Ehlers in neutral zone. 0:33 of 2nd period - Icing by Viktor Arvidsson. 0:34 of 2nd period - Ryan Johansen wins face-off versus Ryan Poehling in CALGARY FIREMEN zone. 0:51 of 2nd period - Shot by Filip Forsberg. 0:51 of 2nd period - Shot Misses the Net. 0:53 of 2nd period - Shot by Filip Forsberg. 0:53 of 2nd period - Shot Blocked by Tyson Barrie. 1:01 of 2nd period - Shot by Filip Forsberg. 1:01 of 2nd period - Deflect By Viktor Arvidsson. 1:01 of 2nd period - Stopped by Cory Schneider without a rebound. 1:02 of 2nd period - Alexander Wennberg wins face-off versus Adam Henrique in TEXAS TOROS zone. 1:12 of 2nd period - Off-side. 1:13 of 2nd period - Luke Glendening wins face-off versus Nick Cousins in neutral zone. 1:15 of 2nd period - Off-side. 1:16 of 2nd period - Adam Henrique wins face-off versus Justin Abdelkader in neutral zone. 1:41 of 2nd period - Shot by Nikolaj Ehlers. 1:41 of 2nd period - Stopped by Devan Dubnyk without a rebound. 1:42 of 2nd period - Luke Glendening wins face-off versus Riley Nash in CALGARY FIREMEN zone. 1:54 of 2nd period - Icing by Madison Bowey. 1:55 of 2nd period - Ryan Johansen wins face-off versus Nick Cousins in TEXAS TOROS zone. 1:56 of 2nd period - Shot by Filip Forsberg. 1:56 of 2nd period - Stopped by Cory Schneider without a rebound. 1:57 of 2nd period - Alexander Wennberg wins face-off versus Ryan Joh